 Dungeon Crawl Stone Soup version 0.26-a0-664-gc8b27b8fc1 (webtiles) character file.

Game seed: 4445339894191833067

(classic levelgen) 520 EnegeticOcto the Chopper (level 7, -3/63 HPs)
             Began as a Deep Dwarf Fighter on Oct 13, 2020.
             Was a Follower of Makhleb.
             Slain by an angel
             ... wielding a +2 whip of holy wrath
             ... created by the Shining One
              (10 damage)
             ... on level 5 of the Dungeon.
             The game lasted 00:01:38 (1961 turns).

EnegeticOcto the Chopper (Deep Dwarf Fighter)       Turns: 1961, Time: 00:01:39

Health: -3/63      AC: 18    Str: 21    XL:     7   Next: 1%
Magic:  9/9        EV:  5    Int:  9    God:    Makhleb [*.....]
Gold:   160        SH: 10    Dex: 12    Spells: 6/6 levels left

rFire    . . .     SeeInvis .   a - +0 war axe
rCold    . . .     Faith    .   c - +0 kite shield
rNeg     . . .     Spirit   .   j - +0 chain mail
rPois    .         Reflect  .   (no helmet)
rElec    .         Harm     .   (no cloak)
rCorr    +         Rampage  .   m - +0 pair of gloves
MR       +....                  A - +2 pair of boots
Stlth    ..........             (no amulet)
HPRegen  0.00/turn              v - ring of resist corrosion
MPRegen  0.11/turn              y - +4 ring of protection

@: non-regenerating, glowing
A: damage resistance, heal wounds, sense surroundings 1, no regeneration
a: Heal Wounds, Renounce Religion


You were on level 5 of the Dungeon.
You worshipped Makhleb.
Makhleb was aware of your devotion.
You visited 1 branch of the dungeon, and saw 5 of its levels.

You collected 160 gold pieces.

Inventory:

Hand Weapons
 a - a +0 war axe (weapon)
Armour
 c - a +0 kite shield (worn)
 j - a +0 chain mail (worn)
 m - a +0 pair of gloves (worn)
 A - a +2 pair of boots (worn)
Jewellery
 v - a ring of resist corrosion (left hand)
 y - a +4 ring of protection (right hand)
Scrolls
 e - 5 scrolls of identify {unknown}
 f - 2 scrolls of teleportation {unknown}
 g - 4 scrolls of fear {unknown}
 o - 2 scrolls of remove curse {unknown}
 q - 2 scrolls of fog {unknown}
 r - a scroll of immolation {unknown}
 t - a scroll of enchant armour {unknown}
 x - a scroll of amnesia {unknown}
Potions
 d - a potion of might {@q3}
 h - 2 potions of mutation {unknown}
 i - a potion of cancellation {unknown}
 k - 3 potions of heal wounds {unknown}
 l - a potion of resistance {unknown}
 n - 3 potions of flight {unknown}
 p - a potion of magic {unknown}
 s - 3 potions of curing {unknown}
 w - a potion of brilliance {unknown}
 z - 2 potions of lignification {unknown}


   Skills:
 + Level 3.8 Fighting
 * Level 5.3 Axes
 + Level 4.6 Armour
 + Level 4.7 Shields
 + Level 2.9 Invocations


You had 6 spell levels left.
You didn't know any spells.
Your spell library was empty.

Dungeon Overview and Level Annotations

Branches:
Dungeon (5/15)
 Temple: D:4-7

Altars:
Dithmenos
Elyvilon
Gozag
Hepliaklqana
Makhleb
Sif Muna
Trog
Zin
The Shining One

Annotations:
D:5 1 runed translucent door, Crazy Yiuf


Innate Abilities, Weirdness & Mutations

You are resistant to damage.
You can heal yourself by infusing magical energy.
You passively map a small area around you.
You do not regenerate.


Message History

The adder bites you but does no damage. The leopard gecko barely misses you.
You miss the adder. You slash the leopard gecko!
You kill the leopard gecko!
Makhleb accepts your kill. The adder barely misses you.
The adder bites you but does no damage.
You hit the adder.
The adder is heavily wounded.
You block the adder's attack. The adder bites you but does no damage.
Your chain mail prevents you from hitting the adder.
The adder is heavily wounded.
The adder bites you. The adder bites you but does no damage.
You barely miss the adder.
The adder is heavily wounded.
The adder bites you but does no damage.
You completely miss the adder.
The adder is heavily wounded.
The adder closely misses you. The adder bites you.
You are poisoned.
The adder poisons you!
You hit the adder but do no damage.
The adder is heavily wounded.
The adder barely misses you.
You barely miss the adder.
The adder is heavily wounded.
You block the adder's attack. x2
Your chain mail prevents you from hitting the adder.
The adder is heavily wounded.
The adder bites you. The adder closely misses you.
You miss the adder.
The adder is heavily wounded.
The adder bites you but does no damage. You block the adder's attack.
You closely miss the adder.
The adder is heavily wounded.
You block the adder's attack.
You slash the adder!
You kill the adder!
Makhleb accepts your kill.
You have reached level 7!
You are no longer poisoned.
You see here a pair of runed boots.
You start removing your armour.
You continue taking off your +2 pair of boots. x4
You finish taking off your +2 pair of boots.
You start putting on your armour.
You continue putting on your pair of runed boots. x5
You finish putting on your +1 pair of boots.
You start removing your armour.
You continue taking off your +1 pair of boots. x2
You hear the brisk rusting of a distant drain.
You continue taking off your +1 pair of boots. x2
You finish taking off your +1 pair of boots.
You start putting on your armour.
You continue putting on your +2 pair of boots. x5
You finish putting on your +2 pair of boots.
Drop what? 28/52 slots (_ for help) (? for menu, Esc to quit)
You drop a +0 scale mail.
You drop a +0 pair of boots.
You drop a +1 pair of boots.
y - a +4 ring of protection (right hand)
The Shining One sends the divine host to punish you for your evil ways! 2 angels and a daeva come into view.
An angel is wielding a +2 whip of holy wrath.
An angel is wielding a +2 whip of holy wrath.
The daeva is wielding a +4 scimitar of holy wrath.
The daeva blocks your attack.
You completely miss the angel. You barely miss the daeva.
You hit the angel but do no damage.
The angel hits you with a +2 whip of holy wrath. x2
The daeva calls down the wrath of the Shining One upon you.
The Shining One smites you! You block the angel's attack.
The angel hits you with a +2 whip of holy wrath.
The angel hits you but does no damage. The angel closely misses you.
You miss the angel. The daeva blocks your attack.
You completely miss the angel.
The angel hits you with a +2 whip of holy wrath!
You block the angel's attack.
The angel hits you with a +2 whip of holy wrath!
* * * LOW HITPOINT WARNING * * *
The angel hits you but does no damage.
The daeva calls down the wrath of the Shining One upon you.
The Shining One smites you!
* * * LOW HITPOINT WARNING * * *
You block the angel's attack. The angel hits you but does no damage.
You are too injured to fight recklessly!
You are too injured to fight recklessly!
You are too injured to fight recklessly!
You are too injured to fight recklessly!
You are too injured to fight recklessly!
You are too injured to fight recklessly!
You are too injured to fight recklessly!
You are too injured to fight recklessly!
You are too injured to fight recklessly!
You are too injured to fight recklessly!
You are too injured to fight recklessly!
You are too injured to fight recklessly!
You are too injured to fight recklessly!
You are too injured to fight recklessly!
You are too injured to fight recklessly!
You are too injured to fight recklessly!
You are too injured to fight recklessly!
You are too injured to fight recklessly!
The angel hits you with a +2 whip of holy wrath!
You die...

##.......######
** #...
#.....#### #...
#.....## #####
#... #......#
#...# #...
#......#####.#.#
#...
#......#.....#.#
#...
#......#.#####.#
#### #....A.#.#
#.# ####
#....A@#.# #.#
#... #.....A..#
#.# #...
########## #.###
#... #...# #...
, ###)# #... #.#
#### , , ,###(#
# +..(###### ,,
###.(.....


You could see a daeva and 2 angels.

Vanquished Creatures
  An ogre (D:5)
  2 centaurs (D:5)
  A hound (D:4)
  A jelly (D:5)
  2 worker ants (D:4)
  7 gnolls
  8 adders
  3 worms
  3 leopard geckos (D:5)
  An orc (D:4)
  A giant cockroach (D:3)
  3 goblins
  5 hobgoblins (D:3)
  2 jackals (D:1)
  5 bats
  3 frilled lizards
  A giant cockroach zombie (D:5)
  A jackal skeleton (D:4)
  5 kobolds
  A rat (D:1)
56 creatures vanquished.

Notes
Turn   | Place    | Note
-------+----------+-------------------------------------------
     0 | D:1      | EnegeticOcto the Deep Dwarf Fighter began the quest for the
                  | Orb.
     0 | D:1      | Reached XP level 1. HP: 20/20 MP: 1/1
    61 | D:1      | Reached XP level 2. HP: 21/27 MP: 2/2
   141 | D:2      | Reached skill level 3 in Axes
   141 | D:2      | Reached XP level 3. HP: 26/33 MP: 3/3
   227 | D:2      | Found a shimmering blue altar of Sif Muna.
   259 | D:2      | Found a faded altar of an unknown god.
   277 | D:2      | Became a worshipper of the Shining One
   277 | D:2      | Reached * piety under the Shining One
   316 | D:3      | Found a bloodstained altar of Trog.
   503 | D:3      | Found a shadowy altar of Dithmenos.
   504 | D:3      | Found a white marble altar of Elyvilon.
   505 | D:3      | Found a hazy altar of Hepliaklqana.
   505 | D:3      | Found an opulent altar of Gozag.
   586 | D:3      | Reached XP level 4. HP: 28/42 MP: 4/4
   710 | D:3      | Found a burning altar of Makhleb.
   712 | D:3      | Found a glowing silver altar of Zin.
   712 | D:3      | Noticed an angel
   713 | D:3      | Noticed a cacodemon
   831 | D:3      | Fell from the grace of the Shining One
   831 | D:3      | Became a worshipper of Makhleb the Destroyer
  1050 | D:4      | Reached skill level 1 in Invocations
  1062 | D:4      | Reached skill level 4 in Axes
  1062 | D:4      | Reached XP level 5. HP: 28/49 MP: 5/5
  1503 | D:4      | Found a bloodstained altar of Trog.
  1610 | D:5      | Entered Level 5 of the Dungeon
  1714 | D:5      | Found a runed translucent door.
  1715 | D:5      | Noticed Crazy Yiuf
  1741 | D:5      | Noticed an ogre
  1750 | D:5      | Killed an ogre
  1750 | D:5      | Reached XP level 6. HP: 24/56 MP: 7/7
  1778 | D:5      | Reached * piety under Makhleb
  1791 | D:5      | Reached skill level 5 in Axes
  1913 | D:5      | Reached XP level 7. HP: 53/63 MP: 9/9
  1958 | D:5      | Noticed an angel
  1958 | D:5      | Noticed an angel
  1958 | D:5      | Noticed a daeva
  1961 | D:5      | Slain by an angel

Illustrated notes

Levels and vault maps discovered:
D:1:      dpeg_arrival_ratfight, layout_basic
D:2:      layout_rooms, lemuel_coloured_pillars_altar,
          chequers_ecumenical_altar_simple, hangedman_decor_slide_cut,
          lemuel_blue_sif_altar
D:3:      layout_loops_ring, grunt_temple_overflow_order_and_chaos_2,
          chequers_temple_overflow_statue_of_worship, trog_hazing_becter
D:4:      layout_rooms, old_standard_altar, corexii_corridor_pit
D:5:      layout_basic, portal_sewer_entry_d, chequers_garden,
          minmay_misc_feat_hallway, uniq_crazy_yiuf_cottage

Skill      XL: |  1  2  3  4  5  6 |
---------------+-------------------+-----
Axes           | 3 4 5 |  5.3
Fighting       | 3 |  3.8
Invocations    | 1 2 |  2.9
Armour         | 4 |  4.6
Shields        | 4 |  4.7

Action                   |  1- 3 |  4- 6 |  7- 9 || total
-------------------------+-------+-------+-------++-------
Melee: War axe           |    58 |   141 |     3 ||   202
 Abil: Heal Wounds       |       |     4 |       ||     4
Armor: Scale mail        |    22 |       |       ||    22
       Chain mail        |    25 |    79 |     3 ||   107
Dodge: Dodged            |    23 |    32 |     1 ||    56
Block: Kite shield       |    51 |    73 |     3 ||   127

Table legend: (Time is in decaauts)
 A = Elapsed time spent in this place.
 B = Non-inter-level travel time spent in this place.
 C = Inter-level travel time spent in this place.
 D = Time resting spent in this place.
 E = Time spent auto-exploring this place.
 F = Levels seen in this place.
 G = Mean time per level.
                   A        B        C        D        E       F      G
               +--------+--------+--------+--------+--------+-----+--------+
         Total |   2034 |   1868 |    166 |      0 |   1341 |   5 |  406.8 |
       Dungeon |   2034 |   1868 |    166 |      0 |   1341 |   5 |  406.8 |
               +--------+--------+--------+--------+--------+-----+--------+

Top non-repeatable levels by time:
     D:3: 752 daAuts
     D:4: 593 daAuts
     D:5: 368 daAuts
     D:2: 247 daAuts
     D:1: 71 daAuts
